AoeStats
← GORGORY

Arabia

508416917Analyzed
1v1 RM · 11d ago on Sep 22, 2026· 27m 58s· 2 players
Game mode
Random Map
Map size
Tiny (2 player)
Population
200
Speed
Normal
Resources
Standard
Victory
Conquest
Starting age
Dark Age
Ending age
Imperial Age
RankedLock teamsTeams togetherTeam positionsShared explorationLock speedFull tech treeHidden civsTurbo modeCheats
Victory
Defeat
🇨🇳 Goths · China
1050
+15
🇦🇷 Magyars · Argentina
1025
-15
GORGORY
6:28 Loom
9:12 Feudal Age
9:40 Double-Bit Axe
9:42 Horse Collar
17:24 Wheelbarrow
23:05 Castle Age
24:02 Scale Barding Armor
Zoey
1:24 Loom
9:35 Feudal Age
9:52 Man-at-Arms
11:54 Double-Bit Axe
12:20 Horse Collar
17:11 Fletching
19:06 Wheelbarrow
22:54 Castle Age
23:48 Gold Mining
24:06 Scale Barding Armor
24:20 Heavy Plow
24:31 Bow Saw
26:20 Forging
Connection lost

Rejoining the realm…

Still unreachable

The connection could not be restored.

Session expired

The server has moved on; the page needs a fresh start.